 Dungeon Crawl Stone Soup version 0.25-a0-435-g4b9beb1 (webtiles) character file.

Game seed: 10660030454438630143, levelgen mode: deterministic

64 2tousent the Vexing (level 3, -1/15 HPs)
             Began as a Felid Enchanter on Jan 29, 2020.
             Slain by an ice beast (8 damage)
             ... on level 3 of the Dungeon.
             The game lasted 00:04:52 (2701 turns).

2tousent the Vexing (Felid Enchanter)               Turns: 2701, Time: 00:04:52

Health: -1/15      AC:  1    Str:  5    XL:     3   Next: 91%
Magic:  7/7        EV: 19    Int: 16    God:
Gold:   42         SH:  0    Dex: 16    Spells: 1/6 levels left
                                        Lives:  0   Deaths: 0

rFire    . . .     SeeInvis +     - Unarmed
rCold    . . .     Gourm    .   (shield unavailable)
rNeg     . . .     Faith    .   (armour unavailable)
rPois    .         Spirit   .   (helmet unavailable)
rElec    .         Reflect  .   (cloak unavailable)
rCorr    .         Harm     .   (gloves unavailable)
MR       .....                  (boots unavailable)
Stlth    +++.......             (no amulet)
HPRegen  0.05/turn              (no ring)
MPRegen  0.10/turn              (no ring)

@: quick
A: very small, no armour, no weapons or thrown items, stealth, claws 1, fangs 3,
see invisible, carnivore, speed 1, shaggy fur 1, slow metabolism 1, sharp paws
a: no special abilities


You were on level 3 of the Dungeon.
You were full.

You visited 1 branch of the dungeon, and saw 3 of its levels.

You collected 42 gold pieces.

Inventory:

Scrolls
 a - a scroll of amnesia
 c - a scroll of teleportation
Potions
 g - a potion of might
 h - a potion of heal wounds
 i - a potion of curing
 j - a potion of brilliance {unknown}
 l - 4 potions of agility {unknown}
Comestibles
 b - a ration


   Skills:
 + Level 1.1 Fighting
 + Level 3.4 Dodging
 + Level 4.5 Stealth
 + Level 1.8 Unarmed Combat
 + Level 2.4 Spellcasting
 + Level 4.8 Hexes


You had one spell level left.
You knew the following spells:

 Your Spells              Type           Power        Failure   Level  Hunger
b - Ensorcelled Hibernat  Hex/Ice        #.....       11%         2    ###....
c - Tukima's Dance        Hex            ###.....     9%          3    ###....

Your spell library contained the following spells:

 Spells                   Type           Power        Failure   Level  Hunger
 Corona                   Hex            ###....      2%          1    #......
 Confusing Touch          Hex            ###.....     9%          3    ###....
 Dazzling Flash           Conj/Hex       #.....       22%         3    ###....


Dungeon Overview and Level Annotations

Branches:
Dungeon (3/15)

Altars:


Innate Abilities, Weirdness & Mutations

You cannot wear armour.
You are incapable of wielding weapons or throwing items.
Your paws allow you to move quietly. (Stealth)
You have sharp claws.
You have razor-sharp teeth.
You have supernaturally acute eyesight. (SInv)
You are carnivorous and can eat meat at any time.
You cover ground quickly.
You are covered in fur. (AC +1)
You have a slow metabolism.
Your sharp claws are effective at attacking unaware monsters.


Message History

The giant cockroach is moderately wounded.
The giant cockroach closely misses you.
You barely miss the giant cockroach.
The giant cockroach is moderately wounded.
The giant cockroach bites you.
You barely miss the giant cockroach.
The giant cockroach is moderately wounded.
The giant cockroach bites you. The giant cockroach barely misses you.
You scratch the giant cockroach.
The giant cockroach is severely wounded.
The ice beast misses you. The giant cockroach misses you.
You barely miss the giant cockroach.
The giant cockroach is severely wounded.
The ice beast barely misses you.
The giant cockroach completely misses you.
You closely miss the giant cockroach. You bite the giant cockroach.
The giant cockroach is almost dead.
The ice beast hits you. The ice beast freezes you!
Ouch! That really hurt!
You die...

#######.#####
......).....#
#######.#.###
#.#.# #.#.#
#.#.# #.#.#
#.#.# #.#@#
#.#sY.#
#.#.### ..#
###


You could see an ice beast and a giant cockroach.

Vanquished Creatures
  An adder (D:2)
  2 oozes
  A worm (D:2)
  A leopard gecko (D:2)
  A ball python (D:1)
  6 bats
  3 giant cockroaches
  2 goblins (D:1)
  6 hobgoblins
  4 jackals (D:1)
  2 quokkas (D:2)
  5 frilled lizards
  3 kobolds (D:1)
  4 rats
41 creatures vanquished.

Notes
Turn   | Place    | Note
-------+----------+-------------------------------------------
     0 | D:1      | 2tousent the Felid Enchanter began the quest for the Orb.
     0 | D:1      | Reached XP level 1. HP: 7/7 MP: 4/4
   236 | D:1      | Reached XP level 2. HP: 10/12 MP: 6/6
   241 | D:1      | Learned a level 2 spell: Ensorcelled Hibernation
  1107 | D:1      | Reached XP level 3. HP: 12/15 MP: 7/7
  1546 | D:2      | Reached skill level 1 in Fighting
  1714 | D:2      | Learned a level 3 spell: Tukima's Dance
  2408 | D:3      | Noticed a phantom
  2693 | D:3      | Noticed an ice beast
  2701 | D:3      | Slain by an ice beast

Levels and vault maps discovered:
D:1:      dpeg_arrival_three_same_balls, layout_basic, interstate_on_off
D:2:      layout_loops_ring
D:3:      layout_basic

Skill      XL: |  1  2  3 |
---------------+----------+-----
Dodging        | 3 |  3.4
Fighting       | 1 |  1.1
Stealth        | |  4.5
Unarmed Combat | |  1.8
Spellcasting   | |  2.4
Hexes          | |  4.8

Action                   || total
-------------------------++-------
Melee: Unarmed           ||   139
       Bite              ||     6
       Punch             ||     2
 Cast: Ensorcelled Hiber ||    13
  Use: Scroll            ||     8
 Stab: Sleeping          ||    24
  Eat: Chunk             ||     9
Armor: Skin              ||     6
Dodge: Dodged            ||   109

Table legend:
 A = Non-vault XP
 B = Vault XP
 C = Vault XP percentage of total XP
 D = Non-vault monster count
 E = Vault monster count
 F = Vault count percentage of total count
                 A         B        C        D         E       F
            +---------+---------+-------+---------+---------+-------
      Total |      92 |       0 |   0.0 |      41 |       0 |   0.0
            +---------+---------+-------+---------+---------+-------
        D:1 |      44 |       0 |   0.0 |      28 |       0 |   0.0
        D:2 |      38 |       0 |   0.0 |      10 |       0 |   0.0
        D:3 |      10 |       0 |   0.0 |       3 |       0 |   0.0
            +---------+---------+-------+---------+---------+-------
